 Dungeon Crawl Stone Soup version 0.31.0-1-g2c135a0 (webtiles) character file.

Game seed: 594218509485034749

19989 koo the Phalangite (level 12, 0/136 HPs)
             Began as a Minotaur Berserker on Apr 11, 2024.
             Was an Elder of Trog.
             Slain by a fire elemental (10 damage)
             ... summoned by a deep elf pyromancer
             ... on level 1 of the Elven Halls.
             The game lasted 01:33:57 (12414 turns).

koo the Phalangite (Minotaur Berserker)            Turns: 12414, Time: 01:33:58

Health: 0/136      AC: 21    Str: 27    XL:     12   Next: 41%
Magic:  11/11      EV: 30    Int:  4    God:    Trog [****..]
Gold:   659        SH:  0    Dex: 10    Spells: 11/11 levels left

rFire   . . .        d - +2 glaive (freeze)
rCold   . . .        (shield currently unavailable)
rNeg    . . .        q - +3 chain mail
rPois   +            (helmet restricted)
rElec   +            t - +0 cloak
rCorr   .            i - +0 pair of gloves
SInv    +            (no boots)
Will    ++...        a - amulet of the acrobat Stlth
                     O - +5 ring of evasion
HPRegen 1.42/turn    F - +4 ring of protection
MPRegen 0.12/turn

%: acrobat
@: berserking, about to teleport, strong-willed, acrobatic, regenerating, very
quick
A: horns 2, retaliatory headbutt, see invisible, poison resistance, electricity
resistance
a: Renounce Religion, Berserk, Trog's Hand, Brothers in Arms


You were on level 1 of the Elven Halls.
You worshipped Trog.
Trog was greatly pleased with you.
You visited 4 branches of the dungeon, and saw 14 of its levels.
You also visited: Sewer.

You collected 915 gold pieces.
You spent 256 gold pieces at shops.

Inventory:

Hand Weapons
 d - a +2 glaive of freezing (weapon)
 j - a +4 trident of draining
 J - a +1 spear of venom
 L - a +1 heavy flail
 Q - a +3 battleaxe
 R - a +3 mace of freezing
 X - a +5 great sword of freezing
Missiles
 x - 26 poisoned darts (quivered)
 P - 13 curare-tipped darts
 V - 9 boomerangs
Armour
 i - a +0 pair of gloves (worn)
 q - a +3 chain mail (worn)
 t - a +0 cloak (worn)
 y - an orb of light
 W - a +0 kite shield
Jewellery
 a - an amulet of the acrobat (around neck)
 o - a ring of protection from cold
 B - a ring of fire
 F - a +4 ring of protection (right hand)
 K - an amulet of reflection
 O - a +5 ring of evasion (left hand)
 Y - a +6 ring of strength
Wands
 b - a wand of mindburst (4)
 e - a wand of flame (5)
Scrolls
 c - a scroll of poison
 g - 3 scrolls of revelation
 n - a scroll of silence
 u - 3 scrolls of vulnerability
 G - 2 scrolls of immolation
 U - 2 scrolls of brand weapon
Potions
 h - 4 potions of degeneration
 l - a potion of might
 p - 2 potions of mutation
 r - 2 potions of haste
 s - 2 potions of brilliance
 v - 4 potions of curing
 D - 5 potions of ambrosia
 H - 3 potions of magic
 S - 2 potions of berserk rage
 T - a potion of enlightenment {unknown}
 Z - a potion of attraction {unknown}
Miscellaneous
 E - a condenser vane


   Skills:
 - Level 3.7 Fighting
 - Level 3.7(14.5) Axes
 * Level 21.3(21.4) Polearms
 + Level 1.6 Throwing
 + Level 10.7 Armour
 - Level 2.2 Dodging
 - Level 0.4 Shields


You had 11 spell levels left.
You didn't know any spells.
Your spell library was empty.

Dungeon Overview and Level Annotations

Branches:
Dungeon (10/15)            Temple (0/1) D:4            Lair (1/5) D:9
    Orc (2/2) D:10            Elf (1/3) Orc:2         Sewer (visited)

Altars:
Dithmenos
Fedhas
Hepliaklqana
Nemelex Xobeh
Okawaru
Sif Muna
Vehumet
Zin
The Shining One

Shops:
D:6 !!(?

Annotations:
Orc:2 Donald
Elf:1 1 transporter


Innate Abilities, Weirdness & Mutations

You have a pair of horns on your head.
You reflexively headbutt those who attack you in melee.
You have supernaturally acute eyesight. (SInv)
Your system is resistant to poisons. (rPois)
You are resistant to electric shocks. (rElec)


Message History

You slash the water elemental! You freeze the water elemental.
You headbutt the water elemental!
The water elemental is heavily damaged.
You are engulfed in a cloud of scalding steam.
The water elemental barely misses you.
The deep elf pyromancer casts a spell.
The steam dragon bites you but does no damage.
The steam dragon closely misses you.
You are too injured to fight recklessly!
You slash the water elemental! You freeze the water elemental.
The water elemental is severely damaged.
You are engulfed in a cloud of scalding steam.
* * * LOW HITPOINT WARNING * * *
Your surroundings seem slightly different.
Found 2 throwing nets.
As you read the scroll of teleportation, it crumbles to dust.
You feel strangely unstable.
The deep elf pyromancer mumbles some strange words.
The deep elf pyromancer blinks!
The fire elemental hits you. The fire elemental burns you!
* * * LOW HITPOINT WARNING * * *
The deep elf zephyrmancer hits you but does no damage.
Unknown command.
A red film seems to cover your vision as you go berserk!
You feel yourself moving faster!
You feel mighty!
The deep elf pyromancer gestures wildly while chanting.
The deep elf pyromancer blinks!
The steam dragon breathes steam at you.
The ball of steam hits the fire elemental.
The fire elemental resists.
The ball of steam hits you.
* * * LOW HITPOINT WARNING * * *
The fire elemental hits you.
The deep elf zephyrmancer hits you but does no damage.
You hear a shout!
You feel a strong urge to attack something.
You are engulfed in a cloud of scalding steam.
The deep elf zephyrmancer mumbles some strange words.
The deep elf zephyrmancer blinks!
The fire elemental hits you. The fire elemental burns you!
You die...

#########
#..)..@§##
#.....#E.###
#.......§°..#
#........D°.#
#.....e.._..#
##...e.....§#
#.(........#
#+#####.####
##.


You could see a deep elf pyromancer, a deep elf zephyrmancer, a fire elemental
(summoned) and a steam dragon (catching breath).

Vanquished Creatures
  A centaur warrior (D:10)
  A catoblepas (Lair:1)
  A two-headed ogre (D:10)
  Nergalle (Orc:1)
  Sonja (Orc:1)
  A deep elf archer (Elf:1)
  4 deep elf zephyrmancers (Elf:1)
  An orc sorcerer (Elf:1)
  A manticore (D:10)
  A kobold blastminer (Orc:1)
  2 black mambas (Lair:1)
  3 cane toads (Lair:1)
  Jeremiah (D:9)
  A gargoyle (D:10)
  A rime drake (Lair:1)
  A komodo dragon (Lair:1)
  An unseen horror (D:10)
  Psyche (D:10)
  3 trolls (D:10)
  5 blink frogs (Lair:1)
  2 water elementals (Elf:1)
  6 wyverns
  2 yaks (D:10)
  Sigmund (D:3)
  A wraith (D:10)
  A warg (Orc:1)
  2 steam dragons
  2 acid dragons
  3 water moccasins
  10 orc warriors
  2 black bears
  An ogre (Orc:1)
  A laughing skull (D:10)
  2 wolves (D:9)
  5 centaurs
  3 phantoms (D:5)
  4 bullfrogs
  4 kobold brigands
  A gnoll sergeant (D:10)
  3 scorpions
  11 wights
  15 killer bees
  2 howler monkeys (D:10)
  A hound (D:6)
  A jelly (D:4)
  5 orc priests
  3 bombardier beetles
  A gnoll bouda (D:8)
  Jessica (D:3)
  A scorpion zombie (D:3)
  7 iguanas
  7 orc wizards
  A hound zombie (D:3)
  12 gnolls
  9 adders
  A river rat (D:4)
  2 shadow imps
  A white imp (D:7)
  2 ufetubi (D:7)
  An adder skeleton (D:3)
  10 dart slugs
  A ribbon worm (D:2)
  35 orcs
  7 endoplasms
  14 giant cockroaches
  4 goblins
  4 hobgoblins
  16 jackals
  8 kobolds
  5 quokkas
  9 ball pythons
  10 bats
  12 frilled lizards
  A giant cockroach zombie (D:3)
  A quokka zombie (D:3)
  12 rats
  A butterfly (D:4)
322 creatures vanquished.

Vanquished Creatures (collateral kills)
  Joseph (D:9)
  2 steam dragons (D:7)
  3 orc warriors
  A killer bee (D:7)
  2 orc priests (D:10)
  A jelly (D:7)
  A sleepcap (D:7)
  2 orc wizards
  17 orcs
30 creatures vanquished.

Vanquished Creatures (others)
  A deep elf knight (Elf:1)
  A vampire (D:10)
  An orc (D:7)
3 creatures vanquished.

Grand Total: 355 creatures vanquished

Notes
Turn   | Place    | Note
-------+----------+-------------------------------------------
     0 | D:1      | koo the Minotaur Berserker began the quest for the Orb.
     0 | D:1      | Reached XP level 1. HP: 19/19 MP: 0/0
    56 | D:1      | Reached skill level 1 in Polearms
    56 | D:1      | Reached XP level 2. HP: 18/27 MP: 1/1
   176 | D:1      | Reached skill level 2 in Polearms
   280 | D:1      | Reached XP level 3. HP: 33/33 MP: 2/2
   383 | D:1      | Reached ** piety under Trog
   418 | D:1      | Reached skill level 3 in Polearms
   761 | D:2      | Reached XP level 4. HP: 38/40 MP: 3/3
   797 | D:2      | Found a hazy altar of Hepliaklqana.
   808 | D:2      | Reached skill level 4 in Polearms
  1274 | D:2      | Found a faded altar of an unknown god.
  1370 | D:3      | Reached XP level 5. HP: 46/46 MP: 4/4
  1385 | D:3      | Reached skill level 5 in Polearms
  1549 | D:3      | Noticed Jessica
  1553 | D:3      | Killed Jessica
  1630 | D:3      | Noticed Sigmund
  1631 | D:3      | Reached skill level 6 in Polearms
  1646 | D:3      | Killed Sigmund
  1647 | D:3      | Reached skill level 7 in Polearms
  1647 | D:3      | Reached XP level 6. HP: 52/52 MP: 5/5
  1963 | D:3      | Found a blossoming altar of Fedhas.
  1965 | D:3      | Found a radiant altar of Vehumet.
  2525 | D:4      | Reached *** piety under Trog
  2752 | D:4      | Found a staircase to the Ecumenical Temple.
  3013 | D:4      | Found a glowing drain.
  3019 | Sewer    | Entered a sewer
  3115 | Sewer    | Reached XP level 7. HP: 58/58 MP: 6/6
  3196 | Sewer    | Reached skill level 8 in Polearms
  3230 | Sewer    | Reached **** piety under Trog
  3754 | D:5      | Entered Level 5 of the Dungeon
  3758 | D:5      | Reached skill level 9 in Polearms
  3978 | D:5      | Reached skill level 10 in Polearms
  3978 | D:5      | Reached XP level 8. HP: 40/66 MP: 7/7
  4359 | D:5      | Found an iron altar of Okawaru.
  4444 | D:5      | Reached skill level 5 in Armour
  4455 | D:5      | Reached skill level 11 in Polearms
  4634 | D:6      | Found Kusuh's Magic Scroll Emporium.
  4650 | D:6      | Bought 3 scrolls of identify for 84 gold pieces
  4650 | D:6      | Bought a scroll of blinking for 105 gold pieces
  4650 | D:6      | Bought a scroll of identify for 28 gold pieces
  4769 | D:6      | Found Ocsuv's Distillery.
  4779 | D:6      | Found Qoenaloe's Distillery.
  4810 | D:6      | Bought a potion of curing for 39 gold pieces
  4962 | D:6      | Found Gegyuph's Weapon Shoppe.
  5212 | D:7      | Reached skill level 12 in Polearms
  5417 | D:7      | Reached XP level 9. HP: 63/71 MP: 8/8
  5421 | D:7      | Reached skill level 13 in Polearms
  5668 | D:7      | Found a glowing golden altar of the Shining One.
  6267 | D:8      | Reached skill level 14 in Polearms
  6419 | D:8      | Found a sparkling altar of Nemelex Xobeh.
  6419 | D:8      | Found a shadowy altar of Dithmenos.
  7249 | D:9      | Noticed Joseph
  7261 | D:9      | Killed Joseph
  7262 | D:9      | Reached skill level 15 in Polearms
  7300 | D:9      | Reached XP level 10. HP: 56/78 MP: 9/9
  7567 | D:9      | Noticed Jeremiah
  7591 | D:9      | Reached skill level 16 in Polearms
  7615 | D:9      | Killed Jeremiah
  8966 | D:9      | Found a staircase to the Lair.
  9108 | Lair:1   | Entered Level 1 of the Lair of Beasts
  9140 | Lair:1   | Noticed a cane toad
  9152 | Lair:1   | Killed a cane toad
  9181 | Lair:1   | Noticed a cane toad
  9184 | Lair:1   | Noticed a cane toad
  9185 | Lair:1   | Killed a cane toad
  9186 | Lair:1   | Reached skill level 17 in Polearms
  9191 | Lair:1   | Killed a cane toad
  9331 | Lair:1   | Reached skill level 1 in Throwing
  9332 | Lair:1   | Reached XP level 11. HP: 73/83 MP: 10/10
  9350 | Lair:1   | Noticed a catoblepas
  9382 | Lair:1   | Killed a catoblepas
  9383 | Lair:1   | Reached skill level 18 in Polearms
 10168 | D:10     | Entered Level 10 of the Dungeon
 10168 | D:10     | Noticed a two-headed ogre
 10175 | D:10     | Killed a two-headed ogre
 10493 | D:10     | Noticed Psyche
 10498 | D:10     | Killed Psyche
 10575 | D:10     | Reached skill level 19 in Polearms
 10691 | D:10     | Found a glowing silver altar of Zin.
 10813 | D:10     | Noticed a centaur warrior
 11008 | D:10     | Killed a centaur warrior
 11054 | D:10     | Gained mutation: Your system is resistant to poisons.
                  | (rPois) [potion of mutation]
 11054 | D:10     | Gained mutation: You are resistant to electric shocks.
                  | (rElec) [potion of mutation]
 11054 | D:10     | Gained mutation: You have supernaturally acute eyesight.
                  | (SInv) [potion of mutation]
 11385 | D:10     | Reached skill level 10 in Armour
 11391 | D:10     | Reached skill level 20 in Polearms
 11670 | D:10     | Found a staircase to the Orcish Mines.
 11690 | Orc:1    | Entered Level 1 of the Orcish Mines
 11729 | Orc:1    | Reached XP level 12. HP: 63/91 MP: 11/11
 11806 | Orc:1    | Noticed Nergalle
 11825 | Orc:1    | Killed Nergalle
 11863 | Orc:1    | Noticed Sonja
 11868 | Orc:1    | Killed Sonja
 12135 | Orc:2    | Entered Level 2 of the Orcish Mines
 12135 | Orc:2    | Noticed Donald
 12135 | Orc:2    | Found a staircase to the Elven Halls.
 12140 | Elf:1    | Entered Level 1 of the Elven Halls
 12182 | Elf:1    | Identified the serpent talisman of the Game of Life {rN+}
 12201 | Elf:1    | Found a transporter.
 12242 | Elf:1    | Reached skill level 21 in Polearms
 12404 | Elf:1    | Found a shimmering blue altar of Sif Muna.
 12414 | Elf:1    | Slain by a fire elemental

Illustrated notes

Levels and vault maps discovered:
D:1:      lightli_arrival_noodles, layout_basic, hangedman_decor_riveting
D:2:      layout_rooms, shapermc_ecumenical_altar_rom_forum, basic_altar
D:3:      layout_loops_ring, nicolae_overflow_squiral, serial_undead,
          serial_undead_d, serial_undead_c, serial_undead_f, serial_undead_e,
          uniq_jessica, uniq_sigmund
D:4:      layout_basic, minmay_temple_entry_butterflies, portal_sewer_entry_e
D:5:      layout_gridville, mainiacjoe_overflow_alcove_4
D:6:      layout_cave_pools, serial_shops, shop, shop, nicolae_diamond_shop,
          shop_scrolls, kennysheep_donut, chequers_garden
D:7:      cheibrodos_steamvent, layout_cave_pools, nicolae_tso_carved_into_rock
D:8:      layout_loops_corners, gammafunk_temple_overflow_wave
D:9:      layout_roguey, minmay_lair_entry_grove, uniq_jeremiah, uniq_joseph
D:10:     minmay_quarter_circles, layout_gridville, zin_statuary, david_orc_5,
          minmay_statues_item, kennysheep_generic_room_11, uniq_psyche
Lair:1:   layout_loops_ring
Orc:1:    layout_caves, uniq_sonja, uniq_nergalle
Orc:2:    st_orc_mages, layout_caves, elves_outpost_lemuel, uniq_saint_roka,
          uniq_donald
Elf:1:    gammafunk_its_a_trap, layout_geoelf_octagon, basic_altar,
          serial_shops, shop, hangedman_elven_crosses_minicolossus, uniq_zenata

Skill      XL: |  1  2  3  4  5  6  7  8  9 10 11 12 |
---------------+-------------------------------------+-----
Polearms       | 1 2 3 4 7 10 12 15 17 20 21 | 21.3
Armour         | 3 4 6 7 8 10 | 10.7
Throwing       | 1 |  1.6
Fighting       | |  3.7
Axes           | |  3.7
Dodging        | |  2.2
Shields        | |  0.4

Action                     |  1- 3 |  4- 6 |  7- 9 | 10-12 || total
---------------------------+-------+-------+-------+-------++-------
  Melee: Hand axe          |     8 |       |       |       ||     8
         Glaive            |    79 |   153 |   238 |   379 ||   849
         Headbutt          |    10 |    18 |    26 |    55 ||   109
  Throw: Dart              |       |     4 |     2 |     3 ||     9
 Invoke: Berserk           |     1 |     3 |     5 |     2 ||    11
         Brothers in Arms  |       |       |     3 |     5 ||     8
         Trog's Hand       |       |       |     1 |     6 ||     7
    Use: Scroll            |     4 |     4 |    10 |    11 ||    29
         Potion            |       |       |     1 |     9 ||    10
   Stab: Distracted        |       |       |       |     1 ||     1
 Armour: Animal skin       |     9 |       |       |       ||     9
         Chain mail        |    65 |    92 |   173 |   284 ||   614
  Dodge: Dodged            |    66 |    72 |   141 |   215 ||   494
  Block: Other             |       |       |    28 |     1 ||    29
         Reflection        |       |       |     5 |       ||     5
